[ AOE2 MATCH · #480281682 ]
UnrankedKhmer vs Malians
[ REPLAY ANALYSIS · EXTRACTED FROM THE RECORDED GAME ]
Feudal
13:38
Castle
20:26
Imperial
33:24
| APM avg | 18.4 |
| APM peak | 51 |
| eAPM avg | 12.8 |
| Villagers / military | 100 / 139 |
Focus
⚔️ 31.0% · 🌾 69.0%
Ballista Elephant ×83 · Scorpion ×32 · Scout Cavalry ×23 · Trade Cart ×14 · Monk ×1
Feudal
—
Castle
—
Imperial
—
| APM avg | 11.3 |
| APM peak | 27 |
| eAPM avg | 8.8 |
| Villagers / military | 132 / 128 |
Focus
⚔️ 28.5% · 🌾 71.5%
Skirmisher ×91 · Knight ×15 · Trade Cart ×13 · Gbeto ×12 · Archer ×5 · Mangonel ×4
Feudal
12:48
Castle
21:49
Imperial
29:04
| APM avg | 13.2 |
| APM peak | 50 |
| eAPM avg | 10.5 |
| Villagers / military | 76 / 190 |
Focus
⚔️ 49.2% · 🌾 50.8%
Hand Cannoneer ×180 · Bombard Cannon ×9 · Trade Cart ×6 · Monk ×1
Feudal
12:12
Castle
25:23
Imperial
40:13
| APM avg | 12.5 |
| APM peak | 55 |
| eAPM avg | 8.5 |
| Villagers / military | 99 / 97 |
Focus
⚔️ 19.2% · 🌾 80.8%
Ballista Elephant ×95 · Trade Cart ×19 · Monk ×2
Feudal
11:11
Castle
15:15
Imperial
32:41
| APM avg | 29.8 |
| APM peak | 70 |
| eAPM avg | 16.3 |
| Villagers / military | 138 / 197 |
Focus
⚔️ 24.6% · 🌾 75.4%
Longbowman ×110 · Spearman ×70 · Trade Cart ×16 · Trebuchet (Packed) ×13 · Monk ×3 · Mangonel ×1
Feudal
—
Castle
—
Imperial
—
| APM avg | 22.4 |
| APM peak | 114 |
| eAPM avg | 13.3 |
| Villagers / military | 92 / 38 |
Focus
⚔️ 17.3% · 🌾 82.7%
Cataphract ×18 · Trade Cart ×15 · Bombard Cannon ×14 · Trebuchet (Packed) ×6
Match map
Initial resources + every placement click. Lines = walls · curves = elevation contours. ◆ gold · ⬟ stone · ● berries · ✦ relic · ◌ wall gap
Your base· ✓ Closed at 20:26 · 35t walls · no gate
ADANALIYIK01696's base· ✓ Closed at 20:16 · 16t walls · no gate
tarhaney's base· ✓ Closed at 21:49 · 0t walls · no gate
Diax's base· ✓ Closed at 25:23 · 0t walls · no gate
juhamate7's base· ✓ Closed at 15:15 · 28t walls · no gate
ArmoniACx's base· ✓ Closed at 20:15 · 32t walls · no gate
Smoothed initial terrain · ◌ = detected wall gap · hover for details
Inputs per minute
— avilareall - - ADANALIYIK01696
Build order — avilareall
First 150 of 373 actions detected
| 0:03 | Create | Villager (Male) |
| 0:06 | Build | House |
| 0:08 | Build | House |
| 0:10 | Research | Loom |
| 0:24 | Create | Villager (Male) |
| 0:48 | Create | Villager (Male) |
| 0:48 | Create | Villager (Male) |
| 0:49 | Create | Villager (Male) |
| 1:10 | Build | Palisade Wall |
| 1:59 | Create | Villager (Male) |
| 2:33 | Create | Villager (Male) |
| 2:33 | Create | Villager (Male) |
| 2:34 | Create | Villager (Male) |
| 2:52 | Create | Villager (Male) |
| 5:38 | Create | Villager (Male) |
| 5:38 | Create | Villager (Male) |
| 5:38 | Create | Villager (Male) |
| 5:39 | Create | Villager (Male) |
| 5:46 | Create | Villager (Male) |
| 5:47 | Create | Villager (Male) |
| 5:52 | Build | House |
| 6:04 | Create | Villager (Male) |
| 6:26 | Create | Villager (Male) |
| 6:26 | Create | Villager (Male) |
| 6:31 | Build | Mill |
| 6:53 | Build | House |
| 7:57 | Create | Villager (Male) |
| 8:25 | Build | Mining Camp |
| 8:44 | Create | Villager (Male) |
| 8:45 | Create | Villager (Male) |
| 9:00 | Create | Villager (Male) |
| 9:16 | Create | Villager (Male) |
| 10:05 | Build | House |
| 10:11 | Create | Villager (Male) |
| 10:19 | Build | Lumber Camp |
| 11:01 | Create | Villager (Male) |
| 11:03 | Research | Feudal Age |
| 12:19 | Create | Villager (Male) |
| 12:20 | Create | Villager (Male) |
| 12:32 | Create | Villager (Male) |
| 13:38 | Age | Feudal Age |
| 14:07 | Build | Market |
| 14:13 | Build | House |
| 14:18 | Build | Farm |
| 14:28 | Create | Villager (Male) |
| 14:49 | Create | Villager (Male) |
| 14:58 | Build | Mining Camp |
| 15:04 | Create | Villager (Male) |
| 15:33 | Create | Villager (Male) |
| 16:04 | Create | Villager (Male) |
| 16:27 | Build | House |
| 16:29 | Create | Villager (Male) |
| 16:33 | Build | Farm |
| 16:43 | Build | Farm |
| 16:51 | Build | Mill |
| 17:24 | Build | Stone Wall |
| 17:28 | Build | Stone Wall |
| 17:36 | Build | Stone Wall |
| 17:40 | Build | Stone Wall |
| 17:46 | Research | Castle Age |
| 17:52 | Build | Farm |
| 17:55 | Build | Farm |
| 17:58 | Build | Farm |
| 18:00 | Build | Farm |
| 18:03 | Build | Farm |
| 18:06 | Create | Villager (Male) |
| 18:43 | Create | Villager (Male) |
| 19:02 | Create | Villager (Male) |
| 19:17 | Research | Double-Bit Axe |
| 19:20 | Research | Horse Collar |
| 19:26 | Create | Villager (Male) |
| 20:15 | Create | Villager (Male) |
| 20:20 | Build | House |
| 20:26 | Age | Castle Age |
| 20:32 | Build | Town Center |
| 21:13 | Build | Farm |
| 21:20 | Create | Villager (Male) |
| 21:35 | Create | Trade Cart |
| 21:35 | Create | Trade Cart |
| 21:36 | Create | Trade Cart |
| 21:39 | Research | Caravan |
| 21:41 | Create | Villager (Male) |
| 22:06 | Create | Villager (Male) |
| 22:16 | Build | Castle |
| 22:33 | Build | Farm |
| 22:34 | Create | Villager (Male) |
| 22:35 | Create | Villager (Male) |
| 22:45 | Build | Stable |
| 22:48 | Create | Villager (Male) |
| 22:53 | Build | Farm |
| 23:11 | Build | Farm |
| 23:12 | Create | Villager (Male) |
| 23:23 | Research | Bow Saw |
| 23:55 | Create | Villager (Male) |
| 24:13 | Build | Farm |
| 24:14 | Create | Villager (Male) |
| 24:21 | Research | Wheelbarrow |
| 24:39 | Build | Monastery |
| 24:41 | Build | Farm |
| 24:43 | Build | Farm |
| 24:45 | Create | Villager (Male) |
| 24:47 | Create | Villager (Male) |
| 24:58 | Build | Farm |
| 24:59 | Create | Villager (Male) |
| 25:11 | Create | Villager (Male) |
| 25:41 | Create | Monk |
| 25:46 | Build | Farm |
| 25:49 | Build | Farm |
| 25:52 | Build | Farm |
| 25:54 | Create | Villager (Male) |
| 25:55 | Create | Villager (Male) |
| 25:56 | Create | Villager (Male) |
| 26:01 | Research | Heavy Plow |
| 26:18 | Create | Ballista Elephant |
| 26:50 | Build | Farm |
| 26:52 | Create | Villager (Male) |
| 26:53 | Create | Villager (Male) |
| 26:57 | Create | Ballista Elephant |
| 27:04 | Create | Ballista Elephant |
| 27:13 | Create | Villager (Male) |
| 27:22 | Build | Farm |
| 27:23 | Build | Farm |
| 27:23 | Build | Farm |
| 27:23 | Build | Farm |
| 27:23 | Build | Farm |
| 27:24 | Build | Farm |
| 27:24 | Build | Farm |
| 27:24 | Build | Farm |
| 27:25 | Build | Farm |
| 27:25 | Build | Farm |
| 27:25 | Build | Farm |
| 27:27 | Build | Farm |
| 27:35 | Create | Villager (Male) |
| 27:36 | Create | Villager (Male) |
| 27:38 | Create | Villager (Male) |
| 27:38 | Create | Villager (Male) |
| 27:43 | Create | Villager (Male) |
| 27:54 | Research | Gold Mining |
| 27:55 | Research | Gold Mining |
| 28:33 | Build | House |
| 28:36 | Build | House |
| 28:39 | Build | House |
| 30:14 | Research | Imperial Age |
| 30:16 | Research | Hand Cart |
| 30:17 | Create | Villager (Male) |
| 30:19 | Create | Villager (Male) |
| 30:24 | Build | Farm |
| 30:32 | Build | Farm |
| 30:34 | Build | Farm |
| 30:38 | Build | Farm |
Build order — ADANALIYIK01696
First 150 of 297 actions detected
| 0:03 | Build | House |
| 0:06 | Build | House |
| 0:08 | Create | Villager (Male) ×4 |
| 1:42 | Create | Villager (Male) |
| 1:42 | Create | Villager (Male) |
| 2:12 | Create | Villager (Male) |
| 2:12 | Create | Villager (Male) |
| 2:30 | Create | Villager (Male) |
| 2:31 | Create | Villager (Male) |
| 2:43 | Create | Villager (Male) |
| 3:14 | Create | Villager (Male) |
| 3:14 | Create | Villager (Male) |
| 3:42 | Build | Palisade Wall |
| 3:56 | Create | Villager (Male) ×3 |
| 3:56 | Create | Villager (Male) ×3 |
| 4:05 | Build | House |
| 4:06 | Build | House |
| 4:07 | Build | House |
| 4:32 | Create | Villager (Male) |
| 4:32 | Create | Villager (Male) |
| 6:00 | Create | Villager (Male) |
| 6:01 | Create | Villager (Male) |
| 6:18 | Build | Mill |
| 6:57 | Create | Villager (Male) |
| 6:57 | Create | Villager (Male) |
| 7:26 | Build | Lumber Camp |
| 7:46 | Create | Villager (Male) |
| 7:46 | Create | Villager (Male) |
| 8:49 | Research | Feudal Age |
| 9:25 | Create | Villager (Male) |
| 9:54 | Build | Mining Camp |
| 10:01 | Create | Villager (Male) |
| 10:01 | Create | Villager (Male) |
| 11:06 | Build | Market |
| 11:14 | Build | Blacksmith |
| 11:28 | Research | Double-Bit Axe |
| 12:14 | Research | Wheelbarrow |
| 12:16 | Create | Villager (Male) ×5 |
| 13:24 | Build | Farm |
| 13:24 | Build | Farm |
| 13:25 | Build | Farm |
| 13:25 | Build | Farm |
| 13:25 | Build | Farm |
| 13:25 | Build | Farm |
| 13:34 | Build | Farm |
| 13:51 | Research | Horse Collar |
| 14:07 | Build | Farm |
| 14:31 | Build | House |
| 14:31 | Build | House |
| 14:34 | Build | House |
| 14:35 | Build | House |
| 14:47 | Build | Mining Camp |
| 14:58 | Create | Villager (Male) |
| 14:58 | Create | Villager (Male) |
| 15:59 | Create | Villager (Male) |
| 16:00 | Create | Villager (Male) |
| 16:31 | Create | Villager (Male) |
| 16:32 | Create | Villager (Male) |
| 16:44 | Build | House |
| 16:45 | Build | House |
| 16:46 | Build | House |
| 16:47 | Build | House |
| 16:48 | Build | House |
| 17:23 | Build | Farm |
| 17:23 | Build | Farm |
| 17:23 | Build | Farm |
| 17:24 | Build | Farm |
| 17:59 | Create | Villager (Male) |
| 17:59 | Create | Villager (Male) |
| 18:14 | Build | Farm |
| 18:23 | Build | Barracks |
| 18:38 | Build | Farm |
| 19:09 | Create | Villager (Male) |
| 19:09 | Create | Villager (Male) |
| 19:17 | Build | Farm |
| 19:17 | Build | Farm |
| 19:18 | Build | Farm |
| 19:18 | Build | Farm |
| 19:43 | Build | Archery Range |
| 19:46 | Build | Archery Range |
| 20:16 | Research | Castle Age |
| 20:36 | Create | Villager (Male) |
| 20:36 | Create | Villager (Male) |
| 21:12 | Build | Farm |
| 21:12 | Build | Farm |
| 21:31 | Research | Forging |
| 21:32 | Research | Scale Mail Armor |
| 21:34 | Research | Fletching |
| 22:40 | Build | Stable |
| 22:43 | Build | Stable |
| 22:52 | Create | Villager (Male) |
| 22:52 | Create | Villager (Male) |
| 22:58 | Research | Thumb Ring |
| 22:59 | Research | Crossbowman (upgrade) |
| 22:59 | Create | Archer ×5 |
| 23:23 | Research | Bow Saw |
| 23:23 | Research | Bow Saw |
| 23:51 | Build | Town Center |
| 24:29 | Research | Man-at-Arms (upgrade) |
| 24:30 | Research | Squires |
| 24:31 | Research | Arson |
| 24:37 | Research | Bloodlines |
| 24:55 | Build | University |
| 25:20 | Build | Farm |
| 25:32 | Create | Villager (Male) ×5 |
| 25:32 | Create | Villager (Male) ×5 |
| 26:04 | Research | Treadmill Crane |
| 26:23 | Build | Farm |
| 26:38 | Research | Heavy Plow |
| 26:55 | Create | Villager (Male) ×5 |
| 27:39 | Create | Trade Cart ×4 |
| 27:57 | Build | Castle |
| 28:18 | Research | Hand Cart |
| 28:22 | Create | Villager (Male) ×5 |
| 28:22 | Create | Villager (Male) ×5 |
| 28:44 | Build | Town Center |
| 28:56 | Research | Long Swordsman (upgrade) |
| 29:08 | Research | Stone Mining |
| 29:43 | Build | Market |
| 29:44 | Build | Market |
| 29:46 | Build | Market |
| 29:56 | Build | Market |
| 30:09 | Research | Husbandry |
| 30:10 | Research | Light Cavalry (upgrade) |
| 30:21 | Create | Villager (Male) ×3 |
| 30:21 | Create | Villager (Male) ×3 |
| 30:28 | Build | Farm |
| 30:28 | Build | Farm |
| 30:29 | Build | Farm |
| 30:29 | Build | Farm |
| 30:29 | Build | Farm |
| 30:30 | Build | Farm |
| 30:30 | Build | Farm |
| 30:30 | Build | Farm |
| 30:31 | Build | Farm |
| 30:31 | Build | Farm |
| 30:38 | Create | Villager (Male) |
| 30:54 | Build | Town Center |
| 31:04 | Build | Farm |
| 31:05 | Build | Farm |
| 31:05 | Build | Farm |
| 31:05 | Build | Farm |
| 31:05 | Build | Farm |
| 31:06 | Build | Farm |
| 31:08 | Build | Farm |
| 31:08 | Build | Farm |
| 31:11 | Build | Farm |
| 31:12 | Build | Farm |
| 31:12 | Build | Farm |
| 31:14 | Build | Farm |
Build order — tarhaney
First 150 of 381 actions detected
| 0:04 | Build | House |
| 0:06 | Build | House |
| 0:15 | Build | House |
| 0:17 | Create | Villager (Male) |
| 0:17 | Create | Villager (Male) |
| 0:17 | Create | Villager (Male) |
| 0:18 | Create | Villager (Male) |
| 0:18 | Create | Villager (Male) |
| 1:42 | Create | Villager (Male) |
| 2:28 | Create | Villager (Male) |
| 2:29 | Create | Villager (Male) |
| 3:02 | Create | Villager (Male) |
| 3:18 | Create | Villager (Male) |
| 3:44 | Create | Villager (Male) |
| 4:31 | Build | Mill |
| 4:49 | Create | Villager (Male) |
| 4:50 | Create | Villager (Male) |
| 5:24 | Build | House |
| 5:26 | Build | House |
| 5:29 | Build | House |
| 5:35 | Research | Loom |
| 5:58 | Create | Villager (Male) |
| 7:00 | Create | Villager (Male) |
| 7:02 | Create | Villager (Male) |
| 7:05 | Create | Villager (Male) |
| 7:05 | Create | Villager (Male) |
| 7:07 | Create | Villager (Male) |
| 9:19 | Build | Lumber Camp |
| 9:23 | Create | Villager (Male) |
| 9:23 | Create | Villager (Male) |
| 9:23 | Create | Villager (Male) |
| 9:24 | Create | Villager (Male) |
| 9:24 | Create | Villager (Male) |
| 10:20 | Research | Feudal Age |
| 10:31 | Build | Farm |
| 10:34 | Build | Farm |
| 10:35 | Build | Farm |
| 10:40 | Build | Farm |
| 10:44 | Build | Farm |
| 10:50 | Build | Farm |
| 11:17 | Create | Villager (Male) |
| 11:20 | Create | Villager (Male) |
| 12:48 | Build | Mining Camp |
| 12:48 | Age | Feudal Age |
| 13:04 | Build | Farm |
| 13:12 | Build | Farm |
| 13:23 | Build | Mining Camp |
| 13:37 | Research | Double-Bit Axe |
| 13:41 | Research | Horse Collar |
| 13:44 | Create | Villager (Male) |
| 13:44 | Create | Villager (Male) |
| 13:45 | Create | Villager (Male) |
| 14:18 | Build | House |
| 14:19 | Build | House |
| 14:20 | Build | House |
| 14:50 | Create | Villager (Male) |
| 14:52 | Create | Villager (Male) |
| 15:08 | Create | Villager (Male) |
| 15:09 | Create | Villager (Male) |
| 15:11 | Create | Villager (Male) |
| 15:12 | Create | Villager (Male) |
| 15:42 | Build | Farm |
| 15:43 | Build | Farm |
| 15:45 | Build | Farm |
| 15:47 | Build | Farm |
| 16:10 | Build | Market |
| 16:47 | Create | Villager (Male) |
| 17:16 | Build | Blacksmith |
| 17:31 | Create | Villager (Male) |
| 17:38 | Create | Villager (Male) |
| 17:39 | Create | Villager (Male) |
| 17:56 | Research | Gold Mining |
| 18:11 | Research | Stone Mining |
| 18:50 | Research | Castle Age |
| 19:20 | Create | Villager (Male) |
| 19:21 | Create | Villager (Male) |
| 19:28 | Build | House |
| 19:30 | Build | House |
| 19:32 | Build | House |
| 19:41 | Create | Trade Cart |
| 19:43 | Create | Trade Cart |
| 20:20 | Create | Villager (Male) |
| 20:21 | Create | Villager (Male) |
| 20:22 | Create | Villager (Male) |
| 20:26 | Create | Villager (Male) |
| 20:26 | Create | Villager (Male) |
| 20:56 | Research | Wheelbarrow |
| 21:05 | Research | Town Watch |
| 21:49 | Age | Castle Age |
| 22:00 | Build | Town Center |
| 22:16 | Build | Town Center |
| 22:23 | Build | Farm |
| 22:53 | Build | Monastery |
| 23:09 | Build | Farm |
| 23:33 | Research | Bow Saw |
| 23:47 | Build | Farm |
| 23:56 | Build | University |
| 24:00 | Create | Monk |
| 24:37 | Build | Farm |
| 24:50 | Create | Villager (Male) |
| 24:50 | Create | Villager (Male) |
| 25:03 | Build | Farm |
| 25:29 | Build | Farm |
| 25:54 | Research | Imperial Age |
| 26:01 | Create | Villager (Male) |
| 26:02 | Create | Villager (Male) |
| 26:10 | Create | Trade Cart |
| 26:14 | Create | Trade Cart |
| 26:44 | Create | Villager (Male) |
| 26:45 | Create | Villager (Male) |
| 26:46 | Create | Villager (Male) |
| 26:46 | Create | Villager (Male) |
| 26:47 | Create | Villager (Male) |
| 27:02 | Create | Villager (Male) |
| 27:04 | Create | Villager (Male) |
| 27:04 | Create | Villager (Male) |
| 27:12 | Create | Villager (Male) |
| 27:12 | Create | Villager (Male) |
| 27:37 | Build | Barracks |
| 28:15 | Create | Trade Cart |
| 28:15 | Create | Trade Cart |
| 28:35 | Build | Castle |
| 28:38 | Create | Villager (Male) |
| 28:39 | Create | Villager (Male) |
| 28:39 | Create | Villager (Male) |
| 28:42 | Create | Villager (Male) |
| 28:48 | Build | Archery Range |
| 28:53 | Build | Archery Range |
| 28:54 | Build | Archery Range |
| 28:57 | Build | Archery Range |
| 29:04 | Age | Imperial Age |
| 29:28 | Create | Villager (Male) |
| 29:30 | Create | Villager (Male) |
| 29:38 | Build | Siege Workshop |
| 29:41 | Create | Hand Cannoneer |
| 29:41 | Create | Hand Cannoneer |
| 29:41 | Create | Hand Cannoneer |
| 29:42 | Create | Hand Cannoneer |
| 29:42 | Create | Hand Cannoneer |
| 29:42 | Create | Hand Cannoneer |
| 29:42 | Create | Hand Cannoneer |
| 29:43 | Create | Hand Cannoneer |
| 30:02 | Build | House |
| 30:03 | Build | House |
| 30:04 | Build | House |
| 30:07 | Build | House |
| 30:08 | Build | House |
| 30:10 | Build | House |
| 30:12 | Build | House |
| 30:15 | Build | House |
Build order — Diax
First 150 of 227 actions detected
| 0:04 | Create | Villager (Male) |
| 0:05 | Create | Villager (Male) |
| 0:05 | Create | Villager (Male) |
| 0:05 | Create | Villager (Male) |
| 0:11 | Build | House |
| 0:13 | Build | House |
| 0:14 | Build | House |
| 2:23 | Create | Villager (Male) |
| 2:23 | Create | Villager (Male) |
| 2:37 | Build | Mill |
| 2:42 | Create | Villager (Male) |
| 2:42 | Create | Villager (Male) |
| 3:47 | Create | Villager (Male) |
| 3:47 | Create | Villager (Male) |
| 3:48 | Create | Villager (Male) |
| 3:48 | Create | Villager (Male) |
| 4:13 | Create | Villager (Male) |
| 4:14 | Create | Villager (Male) |
| 4:33 | Create | Villager (Male) ×2 |
| 5:26 | Create | Villager (Male) |
| 5:27 | Create | Villager (Male) |
| 5:54 | Create | Villager (Male) |
| 6:23 | Create | Villager (Male) |
| 7:00 | Build | House |
| 7:02 | Build | House |
| 7:13 | Create | Villager (Male) ×5 |
| 8:26 | Build | Lumber Camp |
| 9:25 | Build | Farm |
| 9:26 | Build | Farm |
| 9:43 | Build | Farm |
| 9:45 | Build | Farm |
| 9:53 | Research | Feudal Age |
| 10:09 | Build | House |
| 10:12 | Build | House |
| 11:06 | Build | Farm |
| 11:07 | Build | Farm |
| 11:15 | Build | Farm |
| 11:50 | Build | Farm |
| 11:55 | Build | Farm |
| 12:12 | Age | Feudal Age |
| 12:37 | Research | Double-Bit Axe |
| 12:50 | Build | Farm |
| 13:12 | Research | Horse Collar |
| 13:20 | Build | Mining Camp |
| 13:24 | Create | Villager (Male) |
| 13:24 | Create | Villager (Male) |
| 13:24 | Create | Villager (Male) |
| 13:25 | Create | Villager (Male) ×5 |
| 13:54 | Build | Farm |
| 13:54 | Build | Farm |
| 13:55 | Build | Farm |
| 13:57 | Build | Farm |
| 14:13 | Build | Farm |
| 14:27 | Research | Wheelbarrow |
| 14:52 | Build | House |
| 14:53 | Build | House |
| 14:54 | Build | House |
| 15:42 | Build | Blacksmith |
| 16:00 | Create | Villager (Male) ×5 |
| 16:04 | Create | Villager (Male) ×2 |
| 16:16 | Build | Market |
| 16:55 | Build | Mining Camp |
| 16:58 | Research | Stone Mining |
| 17:12 | Research | Gold Mining |
| 17:18 | Research | Padded Archer Armor |
| 18:15 | Create | Villager (Male) ×5 |
| 18:47 | Build | Mining Camp |
| 19:01 | Build | Mining Camp |
| 19:05 | Create | Trade Cart |
| 19:05 | Create | Trade Cart |
| 19:05 | Create | Trade Cart |
| 19:47 | Build | Farm |
| 19:55 | Research | Fletching |
| 20:01 | Create | Villager (Male) ×5 |
| 20:27 | Build | Farm |
| 20:28 | Build | Farm |
| 20:49 | Create | Trade Cart |
| 20:50 | Create | Trade Cart |
| 21:07 | Build | House |
| 21:09 | Build | House |
| 22:24 | Build | House |
| 22:27 | Build | House |
| 22:32 | Build | House |
| 22:33 | Build | House |
| 22:35 | Build | House |
| 22:36 | Build | House |
| 22:39 | Research | Castle Age |
| 22:46 | Create | Villager (Male) ×5 |
| 22:59 | Build | Farm |
| 23:36 | Build | Mining Camp |
| 23:59 | Build | House |
| 24:01 | Build | House |
| 24:04 | Build | House |
| 24:21 | Create | Villager (Male) ×5 |
| 24:31 | Create | Trade Cart |
| 25:23 | Age | Castle Age |
| 25:45 | Build | Monastery |
| 26:05 | Research | Bow Saw |
| 26:24 | Build | Farm |
| 26:26 | Build | Farm |
| 26:28 | Build | Farm |
| 26:39 | Build | University |
| 26:50 | Create | Monk |
| 26:53 | Create | Monk |
| 27:02 | Build | Farm |
| 27:16 | Research | Heavy Plow |
| 28:23 | Build | Town Center |
| 28:47 | Build | Lumber Camp |
| 28:54 | Research | Leather Archer Armor |
| 28:55 | Research | Bodkin Arrow |
| 28:58 | Research | Stone Shaft Mining |
| 28:58 | Research | Gold Shaft Mining |
| 29:23 | Build | Lumber Camp |
| 29:51 | Build | Castle |
| 30:05 | Research | Hand Cart |
| 30:06 | Create | Villager (Male) ×5 |
| 30:22 | Research | Caravan |
| 30:26 | Create | Trade Cart |
| 30:26 | Create | Trade Cart |
| 30:27 | Create | Trade Cart |
| 30:42 | Create | Villager (Male) ×5 |
| 30:56 | Build | Stable |
| 31:15 | Build | House |
| 31:15 | Build | House |
| 31:17 | Build | House |
| 31:18 | Build | House |
| 31:19 | Build | House |
| 31:20 | Build | House |
| 31:22 | Build | House |
| 31:25 | Build | House |
| 31:27 | Build | House |
| 31:27 | Build | House |
| 31:28 | Build | House |
| 31:30 | Build | House |
| 31:32 | Build | House |
| 31:32 | Build | House |
| 31:33 | Build | House |
| 31:45 | Create | Villager (Male) |
| 31:45 | Create | Villager (Male) |
| 31:46 | Create | Villager (Male) |
| 31:46 | Create | Villager (Male) |
| 31:46 | Create | Villager (Male) |
| 31:46 | Create | Villager (Male) |
| 31:47 | Create | Villager (Male) |
| 32:04 | Research | Husbandry |
| 32:05 | Research | Light Cavalry (upgrade) |
| 32:06 | Research | Bloodlines |
| 32:14 | Research | Tech 909 |
| 32:15 | Research | Ballistics |
| 32:35 | Build | Castle |
Build order — juhamate7
First 150 of 381 actions detected
| 0:01 | Create | Villager (Male) |
| 0:01 | Create | Villager (Male) |
| 0:02 | Create | Villager (Male) |
| 0:02 | Create | Villager (Male) |
| 0:03 | Build | House |
| 0:04 | Build | House |
| 0:40 | Build | Palisade Wall |
| 0:43 | Build | Palisade Wall |
| 0:46 | Build | Palisade Wall |
| 1:21 | Build | Palisade Wall |
| 1:45 | Create | Villager (Male) |
| 2:22 | Create | Villager (Male) |
| 2:59 | Build | Lumber Camp |
| 3:11 | Create | Villager (Male) |
| 3:30 | Create | Villager (Male) |
| 4:09 | Create | Villager (Male) |
| 4:26 | Build | House |
| 4:29 | Create | Villager (Male) |
| 5:04 | Create | Villager (Male) |
| 5:05 | Create | Villager (Male) |
| 5:05 | Create | Villager (Male) |
| 5:52 | Create | Villager (Male) |
| 6:02 | Build | Mill |
| 6:25 | Create | Villager (Male) |
| 6:30 | Create | Villager (Male) |
| 6:38 | Build | House |
| 7:14 | Create | Villager (Male) |
| 7:15 | Create | Villager (Male) |
| 7:50 | Create | Villager (Male) |
| 8:35 | Build | Mining Camp |
| 8:36 | Create | Villager (Male) |
| 8:59 | Research | Feudal Age |
| 9:08 | Create | Villager (Male) |
| 9:08 | Create | Villager (Male) |
| 9:17 | Build | Mill |
| 10:14 | Build | House |
| 11:10 | Create | Villager (Male) |
| 11:11 | Age | Feudal Age |
| 11:16 | Build | Market |
| 11:54 | Build | Blacksmith |
| 12:35 | Research | Castle Age |
| 12:35 | Research | Castle Age |
| 12:50 | Build | Lumber Camp |
| 13:11 | Research | Double-Bit Axe |
| 14:13 | Build | House |
| 14:15 | Build | House |
| 14:39 | Create | Villager (Male) |
| 14:44 | Create | Villager (Male) |
| 14:52 | Build | Farm |
| 15:15 | Age | Castle Age |
| 15:16 | Build | Town Center |
| 15:22 | Build | Town Center |
| 15:41 | Create | Villager (Male) |
| 15:44 | Build | Farm |
| 16:08 | Build | Monastery |
| 16:17 | Build | Monastery |
| 16:21 | Build | Farm |
| 16:22 | Create | Villager (Male) |
| 16:30 | Create | Villager (Male) |
| 16:32 | Build | Farm |
| 16:54 | Create | Villager (Male) |
| 16:58 | Create | Villager (Male) |
| 16:58 | Create | Villager (Male) |
| 17:01 | Create | Villager (Male) |
| 17:01 | Create | Villager (Male) |
| 17:04 | Build | Farm |
| 17:06 | Create | Monk |
| 17:15 | Build | House |
| 17:16 | Build | House |
| 17:20 | Build | House |
| 17:23 | Research | Horse Collar |
| 17:28 | Create | Monk |
| 17:30 | Build | Farm |
| 17:48 | Build | Outpost |
| 17:49 | Research | Town Watch |
| 17:50 | Create | Villager (Male) |
| 17:56 | Build | Farm |
| 17:57 | Build | Farm |
| 18:00 | Build | Farm |
| 18:49 | Create | Villager (Male) |
| 18:49 | Create | Villager (Male) |
| 18:50 | Create | Villager (Male) |
| 18:51 | Create | Villager (Male) |
| 19:15 | Create | Villager (Male) |
| 19:16 | Create | Villager (Male) |
| 19:22 | Build | Farm |
| 19:24 | Build | Farm |
| 19:27 | Build | Farm |
| 19:34 | Build | Farm |
| 19:35 | Build | Farm |
| 19:38 | Build | Farm |
| 19:41 | Create | Villager (Male) |
| 19:42 | Create | Villager (Male) |
| 19:49 | Build | Farm |
| 19:54 | Create | Villager (Male) |
| 20:08 | Build | Barracks |
| 20:11 | Create | Villager (Male) |
| 20:18 | Create | Villager (Male) |
| 20:27 | Build | Town Center |
| 20:35 | Create | Villager (Male) |
| 20:35 | Create | Villager (Male) |
| 20:38 | Create | Villager (Male) |
| 20:42 | Create | Villager (Male) |
| 21:04 | Create | Villager (Male) |
| 21:11 | Build | Barracks |
| 21:14 | Build | Farm |
| 21:15 | Build | Farm |
| 21:15 | Build | Farm |
| 21:15 | Build | Farm |
| 21:15 | Build | Farm |
| 21:17 | Build | Farm |
| 21:21 | Create | Villager (Male) |
| 21:22 | Create | Villager (Male) |
| 21:27 | Create | Villager (Male) |
| 21:27 | Create | Villager (Male) |
| 21:33 | Create | Villager (Male) |
| 21:34 | Create | Villager (Male) |
| 21:47 | Build | Farm |
| 21:55 | Build | House |
| 21:57 | Build | House |
| 21:58 | Build | House |
| 21:59 | Build | House |
| 22:01 | Build | House |
| 22:02 | Create | Villager (Male) |
| 22:04 | Create | Villager (Male) |
| 22:05 | Research | Wheelbarrow |
| 22:26 | Build | Siege Workshop |
| 22:33 | Create | Villager (Male) |
| 22:34 | Create | Villager (Male) |
| 22:35 | Create | Villager (Male) |
| 22:35 | Create | Villager (Male) |
| 22:36 | Create | Villager (Male) |
| 22:37 | Create | Villager (Male) |
| 22:57 | Build | Lumber Camp |
| 23:00 | Create | Villager (Male) |
| 23:01 | Research | Bow Saw |
| 23:04 | Build | Lumber Camp |
| 23:13 | Build | Farm |
| 23:14 | Build | Farm |
| 23:20 | Build | Farm |
| 23:21 | Build | Farm |
| 23:23 | Build | Farm |
| 23:26 | Create | Villager (Male) |
| 23:27 | Create | Villager (Male) |
| 23:28 | Create | Villager (Male) |
| 23:30 | Create | Villager (Male) |
| 23:42 | Build | House |
| 23:44 | Create | Villager (Male) |
| 23:54 | Build | Farm |
| 23:55 | Build | Farm |
Build order — ArmoniACx
First 150 of 221 actions detected
| 0:09 | Create | Villager (Male) |
| 0:10 | Create | Villager (Male) |
| 0:10 | Create | Villager (Male) ×3 |
| 0:17 | Build | House |
| 1:13 | Build | Palisade Wall |
| 1:30 | Build | House |
| 2:11 | Create | Villager (Male) |
| 2:12 | Create | Villager (Male) |
| 2:12 | Create | Villager (Male) |
| 2:53 | Create | Villager (Male) |
| 3:14 | Create | Villager (Male) |
| 3:37 | Create | Villager (Male) |
| 3:37 | Create | Villager (Male) |
| 3:54 | Create | Villager (Male) |
| 4:23 | Create | Villager (Male) |
| 4:40 | Build | House |
| 5:09 | Create | Villager (Male) |
| 5:09 | Create | Villager (Male) |
| 5:33 | Build | House |
| 6:55 | Build | House |
| 7:12 | Build | Mill |
| 7:14 | Create | Villager (Male) |
| 7:14 | Create | Villager (Male) |
| 8:00 | Build | House |
| 8:05 | Create | Villager (Male) |
| 8:06 | Create | Villager (Male) |
| 8:06 | Create | Villager (Male) |
| 8:21 | Create | Villager (Male) |
| 9:01 | Build | House |
| 9:14 | Create | Villager (Male) |
| 9:57 | Build | Lumber Camp |
| 10:03 | Build | House |
| 10:09 | Create | Villager (Male) |
| 10:34 | Build | House |
| 10:59 | Research | Feudal Age |
| 11:29 | Build | House |
| 11:41 | Create | Villager (Male) |
| 11:56 | Build | House |
| 12:22 | Create | Villager (Male) |
| 12:43 | Build | Palisade Wall |
| 12:45 | Build | Palisade Wall |
| 12:48 | Build | Palisade Wall |
| 13:29 | Build | Mining Camp |
| 13:35 | Create | Villager (Male) |
| 13:36 | Create | Villager (Male) |
| 13:46 | Research | Double-Bit Axe |
| 13:49 | Create | Villager (Male) |
| 14:39 | Build | House |
| 14:45 | Create | Villager (Male) |
| 14:45 | Create | Villager (Male) |
| 14:53 | Build | Farm |
| 15:18 | Build | House |
| 15:40 | Create | Villager (Male) |
| 15:41 | Create | Villager (Male) |
| 15:50 | Build | Farm |
| 15:55 | Build | Farm |
| 15:59 | Build | Farm |
| 16:22 | Build | Mining Camp |
| 16:32 | Build | Farm |
| 16:36 | Build | Farm |
| 16:45 | Build | Farm |
| 16:59 | Build | Stone Wall |
| 17:15 | Build | Farm |
| 17:18 | Build | Farm |
| 17:26 | Create | Villager (Male) |
| 17:26 | Create | Villager (Male) |
| 17:27 | Create | Villager (Male) |
| 17:30 | Create | Villager (Male) |
| 17:30 | Create | Villager (Male) |
| 18:21 | Build | Market |
| 18:38 | Create | Villager (Male) |
| 18:45 | Build | Farm |
| 19:08 | Build | Stone Wall |
| 19:24 | Build | Blacksmith |
| 19:27 | Create | Villager (Male) |
| 19:41 | Build | Watch Tower |
| 19:56 | Build | Farm |
| 20:13 | Build | Farm |
| 20:15 | Research | Castle Age |
| 20:21 | Build | Farm |
| 20:42 | Build | Farm |
| 20:44 | Research | Horse Collar |
| 21:01 | Research | Gold Mining |
| 21:31 | Research | Stone Mining |
| 21:55 | Create | Trade Cart |
| 21:55 | Create | Trade Cart |
| 21:55 | Create | Trade Cart |
| 22:13 | Create | Villager (Male) |
| 22:35 | Build | Barracks |
| 23:06 | Create | Villager (Male) |
| 23:06 | Create | Villager (Male) |
| 23:19 | Build | Town Center |
| 23:39 | Build | Town Center |
| 23:50 | Build | Farm |
| 24:00 | Create | Villager (Male) |
| 24:01 | Create | Villager (Male) |
| 24:09 | Research | Bow Saw |
| 24:57 | Build | Farm |
| 25:02 | Create | Trade Cart |
| 25:25 | Create | Villager (Male) |
| 25:25 | Create | Villager (Male) |
| 25:25 | Create | Villager (Male) |
| 25:26 | Create | Villager (Male) |
| 25:29 | Create | Villager (Male) |
| 25:29 | Create | Villager (Male) |
| 26:11 | Research | Heavy Plow |
| 26:24 | Create | Villager (Male) ×5 |
| 26:24 | Create | Villager (Male) ×5 |
| 26:42 | Build | Farm |
| 27:18 | Build | Farm |
| 28:11 | Build | Castle |
| 28:23 | Build | University |
| 28:28 | Create | Villager (Male) |
| 28:28 | Create | Villager (Male) |
| 28:29 | Create | Villager (Male) |
| 28:29 | Create | Villager (Male) |
| 28:29 | Create | Villager (Male) |
| 28:29 | Create | Villager (Male) |
| 28:30 | Create | Villager (Male) |
| 28:52 | Create | Villager (Male) |
| 29:11 | Create | Trade Cart |
| 29:11 | Create | Trade Cart |
| 29:12 | Create | Trade Cart |
| 29:46 | Research | Gold Shaft Mining |
| 29:55 | Build | Mining Camp |
| 30:10 | Research | Imperial Age |
| 30:19 | Create | Villager (Male) |
| 30:19 | Create | Villager (Male) |
| 30:25 | Create | Villager (Male) |
| 30:25 | Create | Villager (Male) |
| 30:29 | Research | Treadmill Crane |
| 31:03 | Create | Villager (Male) |
| 31:03 | Create | Villager (Male) |
| 31:42 | Research | Stone Shaft Mining |
| 32:34 | Create | Villager (Male) |
| 32:38 | Create | Villager (Male) ×5 |
| 33:01 | Build | Castle |
| 33:08 | Research | Forging |
| 33:08 | Research | Scale Mail Armor |
| 33:09 | Research | Scale Barding Armor |
| 33:16 | Create | Trade Cart |
| 33:16 | Create | Trade Cart |
| 33:16 | Create | Trade Cart |
| 33:16 | Create | Trade Cart |
| 33:17 | Create | Trade Cart |
| 33:17 | Create | Trade Cart |
| 33:17 | Create | Trade Cart |
| 33:18 | Create | Trade Cart |
| 33:31 | Create | Trebuchet (Packed) |
| 33:32 | Create | Trebuchet (Packed) |
Match timeline
| 0:40 | juhamate7 · wall_segment Palisade Wall x8 |
| 0:43 | juhamate7 · wall_segment Palisade Wall x1 |
| 0:46 | juhamate7 · wall_segment Palisade Wall x6 |
| 1:10 | avilareall · wall_segment Palisade Wall x14 |
| 1:13 | ArmoniACx · wall_segment Palisade Wall x11 |
| 1:21 | juhamate7 · wall_segment Palisade Wall x13 |
| 3:42 | ADANALIYIK01696 · wall_segment Palisade Wall x16 |
| 11:11 | juhamate7 · age_up feudal |
| 12:12 | Diax · age_up feudal |
| 12:43 | ArmoniACx · wall_segment Palisade Wall x2 |
| 12:45 | ArmoniACx · wall_segment Palisade Wall x4 |
| 12:48 | tarhaney · age_up feudal |
| 12:48 | ArmoniACx · wall_segment Palisade Wall x9 |
| 13:38 | avilareall · age_up feudal |
| 15:15 | juhamate7 · age_up castle |
| 16:08 | juhamate7 · first_building Monastery |
| 16:59 | ArmoniACx · wall_segment Stone Wall x7 |
| 17:24 | avilareall · wall_segment Stone Wall x12 |
| 17:28 | avilareall · wall_segment Stone Wall x2 |
| 17:36 | avilareall · wall_segment Stone Wall x6 |
| 17:40 | avilareall · wall_segment Stone Wall x4 |
| 18:23 | ADANALIYIK01696 · first_building Barracks |
| 19:08 | ArmoniACx · wall_segment Stone Wall x1 |
| 19:43 | ADANALIYIK01696 · first_building Archery Range |
| 20:08 | juhamate7 · first_building Barracks |
| 20:26 | avilareall · age_up castle |
| 21:30 | juhamate7 · first_market_buy 100 food |
| 21:49 | tarhaney · age_up castle |
| 22:16 | avilareall · first_building Castle |
| 22:26 | juhamate7 · first_building Siege Workshop |
| 22:35 | ArmoniACx · first_building Barracks |
| 22:40 | ADANALIYIK01696 · first_building Stable |
| 22:45 | avilareall · first_building Stable |
| 22:53 | tarhaney · first_building Monastery |
| 24:39 | avilareall · first_building Monastery |
| 25:23 | Diax · age_up castle |
| 25:38 | juhamate7 · first_building Castle |
| 25:45 | Diax · first_building Monastery |
| 26:17 | Diax · first_market_buy 100 wood |
| 27:37 | tarhaney · first_building Barracks |
| 27:57 | ADANALIYIK01696 · first_building Castle |
| 28:11 | ArmoniACx · first_building Castle |
| 28:35 | tarhaney · first_building Castle |
| 28:48 | tarhaney · first_building Archery Range |
| 29:04 | tarhaney · age_up imperial |
| 29:38 | tarhaney · first_building Siege Workshop |
| 29:51 | Diax · first_building Castle |
| 30:56 | Diax · first_building Stable |
| 31:42 | ADANALIYIK01696 · first_building Monastery |
| 32:32 | avilareall · first_building Siege Workshop |
| 32:41 | juhamate7 · age_up imperial |
| 33:24 | avilareall · age_up imperial |
| 34:01 | ArmoniACx · first_market_buy 100 food |
| 34:38 | juhamate7 · first_market_sell 500 wood |
| 34:43 | ArmoniACx · first_building Siege Workshop |
| 36:48 | Diax · first_market_sell 100 wood |
| 36:58 | juhamate7 · wall_segment Stone Wall x15 |
| 38:56 | ADANALIYIK01696 · first_building Siege Workshop |
| 40:13 | Diax · age_up imperial |
| 40:43 | ArmoniACx · first_market_sell 100 wood |
| 47:23 | ArmoniACx · first_building Archery Range |
| 49:06 | ArmoniACx · resign |
[ AI ANALYSIS · 1 CREDIT ]
What really happened in this match?
Wolo.gg analyzes every decision: build order, eco, micro, common mistakes by bracket. Personalized analysis on WhatsApp or Discord in 30 seconds.
Civ guide
Khmer
Perfil
Jugador #25106955